 Dungeon Crawl Stone Soup version 0.22.0-32-gbc6daba (webtiles) character file.

308 Lew the Covered (level 6, 0/39 HPs)
             Began as a Gargoyle Fighter on Aug 23, 2018.
             Slain by an ogre
             ... wielding a +0 giant spiked club
              (5 damage)
             ... on level 4 of the Dungeon.
             The game lasted 00:04:50 (3153 turns).

Lew the Covered (Gargoyle Fighter)                  Turns: 3153, Time: 00:04:51

Health: 0/39       AC: 12    Str: 20    XL:     6   Next: 40%
Magic:  6/6        EV:  7    Int:  9    God:
Gold:   243        SH: 10    Dex: 10    Spells: 5/5 levels left

rFire    . . .     SeeInvis .   a - +1 war axe
rCold    . . .     Gourm    .   c - +1 shield
rNeg     + . .     Faith    .   b - +0 scale mail
rPois    ∞         Spirit   .   q - +0 helmet
rElec    +         Reflect  .   (no cloak)
rCorr    .         Harm     .   (no gloves)
MR       .....                  (no boots)
Stlth    ..........             (no amulet)
HPRegen  0.13/turn              (no ring)
MPRegen  0.10/turn              (no ring)

@: no status effects
A: negative energy resistance 1, electricity resistance, unbreathing,
petrification resistance, rot immunity, AC +4
a: no special abilities


You were on level 4 of the Dungeon.
You were not hungry.

You visited 1 branch of the dungeon, and saw 4 of its levels.

You collected 243 gold pieces.

Inventory:

Hand Weapons
 a - a +1 war axe (weapon)
Armour
 b - a +0 scale mail (worn)
 c - a +1 shield (worn)
 q - a +0 helmet (worn)
Wands
 k - a wand of random effects (17)
Scrolls
 e - a scroll of noise {unknown}
 g - a scroll of fog
 h - 5 scrolls of remove curse
 i - 3 scrolls of enchant armour
 o - a scroll of identify
 p - a scroll of teleportation {unknown}
Potions
 d - a potion of might
 j - a potion of agility
 l - 3 potions of heal wounds
 m - a potion of invisibility
 n - a potion of lignification {unknown}
Comestibles
 f - 7 rations


   Skills:
 + Level 4.7 Fighting
 + Level 3.3 Axes
 + Level 4.7 Armour
 + Level 4.7 Shields


You had 5 spell levels left.
You didn't know any spells.
Your spell library was empty.

Dungeon Overview and Level Annotations

Branches:
Dungeon (4/15)
 Temple: D:4-7

Altars:
Elyvilon
Nemelex Xobeh
Qazlal
Uskayaw
Zin


Innate Abilities, Weirdness & Mutations

You are resistant to torment.
Your stone body is resilient. (AC +4)
You are immune to poison.
You resist negative energy. (rN+)
You are resistant to electric shocks. (rElec)
You can survive without breathing.
You are immune to petrification.
You are immune to rotting.


Message History

You are too injured to fight recklessly!
You are too injured to fight recklessly!
You are too injured to fight recklessly!
You are too injured to fight recklessly!
You are too injured to fight recklessly!
You are too injured to fight recklessly!
You are too injured to fight recklessly!
You are too injured to fight recklessly!
You are too injured to fight recklessly!
You are too injured to fight recklessly!
You are too injured to fight recklessly!
You are too injured to fight recklessly!
Okay, then.
You hit the ogre.
The ogre is severely wounded.
You block the ogre's attack.
You slash the ogre!
The ogre is almost dead.
The ogre hits you with a giant spiked club.
You die...

# #.#
#...#
#..#
#.###.#.#
#..#
#.....#.#
#..#
#######.#
#.># #.#
#### #$#
#.#
#.#######
#@..[....
#O#######
.Z. .....
#..!..#
#.....#
#.....#
#.....#


You could see an ogre and a leopard gecko skeleton.

Vanquished Creatures
  A crimson imp (D:3)
  An orc wizard (D:4)
  2 orc priests (D:4)
  A worker ant (D:4)
  6 adders
  An ooze (D:3)
  2 worms (D:2)
  A dart slug (D:1)
  A leopard gecko (D:1)
  10 orcs
  9 bats
  3 giant cockroaches
  7 goblins
  3 hobgoblins
  14 jackals
  A quokka (D:3)
  4 ball pythons
  3 frilled lizards
  11 kobolds
  4 rats
85 creatures vanquished.

Notes
Turn   | Place    | Note
-------+----------+-------------------------------------------
     0 | D:1      | Lew the Gargoyle Fighter began the quest for the Orb.
     0 | D:1      | Reached XP level 1. HP: 14/14 MP: 1/1
    87 | D:1      | Reached XP level 2. HP: 9/19 MP: 2/2
   371 | D:1      | Reached XP level 3. HP: 24/24 MP: 3/3
   629 | D:2      | Reached XP level 4. HP: 29/29 MP: 4/4
  1056 | D:2      | Found a glowing silver altar of Zin.
  1059 | D:2      | Found a stormy altar of Qazlal.
  1062 | D:2      | Found a sparkling altar of Nemelex Xobeh.
  1079 | D:2      | Found a hide-covered altar of Uskayaw.
  1348 | D:3      | Found a white marble altar of Elyvilon.
  1601 | D:3      | Reached XP level 5. HP: 30/33 MP: 5/5
  2530 | D:4      | Reached XP level 6. HP: 22/39 MP: 6/6
  3153 | D:4      | Slain by an ogre

Skill      XL: |  1  2  3  4  5 |
---------------+----------------+-----
Axes           | 2 3 |  3.3
Fighting       | 4 |  4.7
Armour         | 4 |  4.7
Shields        | 4 |  4.7

Action                   |  1- 3 |  4- 6 || total
-------------------------+-------+-------++-------
Melee: War axe           |    95 |   201 ||   296
  Use: Scroll            |     5 |     3 ||     8
       Potion            |     2 |       ||     2
  Eat: Chunk             |       |     4 ||     4
       Ration            |       |     1 ||     1
Armor: Scale mail        |    63 |    93 ||   156
Dodge: Dodged            |    33 |    71 ||   104
Block: Shield            |    62 |   137 ||   199
